 Dungeon Crawl Stone Soup version 0.29.0-4-gdea44cf6ec (webtiles) character file.

Game seed: 17725806204421717324

3690 qw the Cleaver (level 9, 0/79 HPs)
             Began as a Minotaur Berserker on Sept 6, 2022.
             Was an Elder of Trog.
             Slain by a tentacled starspawn (6 damage)
             ... on level 2 of the Abyss.
             The game lasted 00:02:58 (8255 turns).

qw the Cleaver (Minotaur Berserker)                 Turns: 8255, Time: 00:02:58

Health: 0/79       AC: 16    Str: 32    XL:     9   Next: 90%
Magic:  8/8        EV:  4    Int:  4    God:    Trog [****..]
Gold:   188        SH: 10    Dex: 10    Spells: 8/8 levels left

rFire   . . .      SeeInvis .   w - +0 broad axe
rCold   . . .      Faith    .   v - +0 kite shield
rNeg    . . .      Spirit   .   l - +0 plate armour
rPois   .          Reflect  .   (helmet restricted)
rElec   .          Harm     .   (no cloak)
rCorr   .          Rampage  .   i - +1 pair of gloves
Will    .....                   p - +0 pair of boots
Stlth   ..........              u - amulet of regeneration
HPRegen 1.03/turn               s - +6 ring of strength
MPRegen 0.11/turn               (no ring)

@: about to teleport, on berserk cooldown, slowed, constricted, very slow
A: horns 2, retaliatory headbutt
a: Renounce Religion, Berserk, Trog's Hand, Brothers in Arms


You were on level 2 of the Abyss.
You worshipped Trog.
Trog was greatly pleased with you.
You visited 1 branch of the dungeon, and saw 8 of its levels.
You visited the Abyss 1 time.
You also visited: Sewer.

You collected 383 gold pieces.
You spent 195 gold pieces at shops.


Innate Abilities, Weirdness & Mutations

You have a pair of horns on your head.
You reflexively headbutt those who attack you in melee.


   Skills:
 - Level 7.0 Fighting
 - Level 12.1 Axes
 - Level 2.1 Throwing
 - Level 6.1 Armour
 - Level 2.1 Dodging
 + Level 8.7 Shields


You had 8 spell levels left.
You didn't know any spells.
Your spell library was empty.

Inventory:

Hand Weapons
 j - the +4 flail of Cheese {flame, rC+ Will+ Str+3 Int-5}
   (You took it off an orc on level 6 of the Dungeon)

   It burns those it strikes, dealing additional fire damage.
   Str:       It affects your strength (+3).
   Int:       It affects your intelligence (-5).
   rC:        It protects you from cold.
   Will:      It increases your willpower.
 w - a +0 broad axe (weapon)
Armour
 i - a +1 pair of gloves (worn)
 l - a +0 plate armour (worn)
 p - a +0 pair of boots (worn)
 v - a +0 kite shield (worn)
Jewellery
 s - a +6 ring of strength (left hand)
 u - an amulet of regeneration (around neck)
Scrolls
 e - 3 scrolls of teleportation
 m - a scroll of identify
Potions
 a - 3 potions of curing
 b - a potion of haste
 d - a potion of might
 f - a potion of mutation
 g - a potion of invisibility {unknown}
 h - a potion of flight {unknown}
 k - 2 potions of resistance {unknown}
 n - a potion of ambrosia {unknown}
 q - a potion of lignification {unknown}
 r - a potion of cancellation

Dungeon Overview and Level Annotations

Branches:
Dungeon (8/15)             Temple (0/1) D:6           Sewer (visited)
   Lair: D:8-11

Altars:
Cheibriados
Elyvilon
Vehumet
Zin
The Shining One

Shops:
D:5 :!   D:6 [

Annotations:
D:6 2 transporters, qw's ghost, novice MiBe
D:8 Psyche


Message History

The hellion is almost dead.
The hellion closely misses you.
You slash the hellion!
You kill the hellion!
Trog accepts your kill.
A tentacled starspawn comes into view.
A tentacle flies out from the starspawn's body!
A starspawn tentacle comes into view.
You feel a strong urge to attack something.
You are no longer berserk.
You are exhausted.
You feel yourself slow down.
You block the starspawn tentacle's attack.
A starspawn tentacle comes into view.
8252 ||| READING 4 scrolls of teleportation.
As you read the scroll of teleportation, it crumbles to dust.
You feel strangely unstable.
You feel the power of the Abyss delaying your translocation!
The tentacled starspawn bites you but does no damage.
The tentacled starspawn tentacle-slaps you but does no damage.
The starspawn tentacle grabs you. The starspawn tentacle constricts you.
8253 ||| DRINKING 2 potions of heal wounds.
You feel much better.
You block the tentacled starspawn's attack.
The tentacled starspawn tentacle-slaps you!
The starspawn tentacle constricts you. The tentacled starspawn bites you!
The tentacled starspawn tentacle-slaps you but does no damage.
The starspawn tentacle constricts you.
You barely miss the starspawn tentacle. x2; You slash the tentacled starspawn!
The starspawn tentacle loses its grip on you.
You block the tentacled starspawn's attack.
The tentacled starspawn tentacle-slaps you.
The starspawn tentacle grabs you. The starspawn tentacle constricts you.
The tentacled starspawn bites you!
You block the tentacled starspawn's attack.
8255 ||| DRINKING potion of heal wounds.
You feel much better. The starspawn tentacle constricts you.
The tentacled starspawn bites you!!
The tentacled starspawn tentacle-slaps you.
You die...

##...# # ..####
#.....#.. .# # .....
..... ...Z .
.......... ¤.# ..#
.... ..... .¤### ...
.#..
..#.....#...##....
##...
##...###^#....# #..
..#.#.#..Xw|#...#
.... .........@.|..#
... ...#.#.....w...#
. .. .
.............#. .
......#.....###.....
#
....##..#..##......
.#
................#..
.. ...............2
.. ...#....#......#
. . ... ....##.....
. ..


You could see a tentacled starspawn and 2 starspawn tentacles.

Vanquished Creatures
  A hellion (Abyss:2)
  A harpy zombie (Abyss:2)
  Edmund (D:5)
  2 water moccasins (D:8)
  2 sky beasts
  An orc warrior (D:6)
  A small abomination (Abyss:2)
  An ice beast (D:7)
  An ogre (D:5)
  A centaur (D:6)
  6 kobold brigands
  Blork the orc (D:5)
  A bullfrog (D:7)
  2 gnoll sergeants
  4 scorpions
  2 necrophages
  5 wights (D:8)
  2 howler monkeys
  3 orc priests
  A gnoll bouda (D:7)
  3 hounds
  3 iguanas
  7 orc wizards
  10 gnolls
  2 river rats
  13 adders
  A shadow imp (D:7)
  3 white imps
  4 ufetubi
  4 worms
  2 dart slugs (D:4)
  22 orcs
  8 ball pythons
  10 endoplasms
  4 giant cockroaches
  6 goblins
  12 hobgoblins
  6 jackals (D:2)
  25 kobolds
  4 quokkas
  5 bats
  3 frilled lizards
  9 rats
205 creatures vanquished.

Vanquished Creatures (others)
  2 fungi (D:5)
  10 plants
12 creatures vanquished.

Grand Total: 217 creatures vanquished

Notes
Turn   | Place    | Note
-------+----------+-------------------------------------------
     0 | D:1      | qw the Minotaur Berserker began the quest for the Orb.
     0 | D:1      | Reached XP level 1. HP: 19/19 MP: 0/0
     0 | D:1      | 0 ||| qw: Version: 0.1-a-108-g9e35731
     0 | D:1      | 0 ||| qw: Game counter: 6411
     0 | D:1      | 0 ||| qw: Always use a shield: true
     0 | D:1      | 0 ||| qw: Do Orc after D:15 true
     0 | D:1      | 0 ||| qw: Do second Lair branch before Depths: true
     0 | D:1      | 0 ||| qw: Lair rune preference: random
     0 | D:1      | 0 ||| qw: Plans: Normal
     0 | D:1      | 0 ||| PLANNING D:1-11
   183 | D:1      | Found a faded altar of an unknown god.
   243 | D:1      | Reached skill level 4 in Axes
   394 | D:1      | 394 ||| Stepping ~*~*~tactically~*~*~ (stealth).
   403 | D:1      | Reached XP level 2. HP: 19/26 MP: 1/1
   410 | D:1      | 410 ||| INVOKING Berserk.
   411 | D:1      | 411 ||| INVOKING Berserk.
   978 | D:1      | 978 ||| UPGRADING to +0 ring mail.
   988 | D:1      | 988 ||| DROPPING +0 animal skin.
   989 | D:1      | 989 ||| UPGRADING to +0 pair of gloves.
   994 | D:1      | 994 ||| READING scroll labelled EJESSUERCHE.
   995 | D:1      | 995 ||| READING scroll labelled SALUCA MISOL.
  1000 | D:1      | 1000 ||| READING scroll labelled SEQASU JIVU.
  1001 | D:1      | 1001 ||| READING scroll labelled FIYTAS USEXUNA.
  1041 | D:2      | 1041 ||| Stepping ~*~*~tactically~*~*~ (stealth).
  1045 | D:2      | Reached skill level 5 in Axes
  1058 | D:2      | Reached XP level 3. HP: 29/31 MP: 2/2
  1112 | D:2      | Reached ** piety under Trog
  1114 | D:2      | 1114 ||| Stepping ~*~*~tactically~*~*~ (stealth).
  1130 | D:2      | 1130 ||| Stepping ~*~*~tactically~*~*~ (stealth).
  1142 | D:2      | 1142 ||| Stepping ~*~*~tactically~*~*~ (stealth).
  1143 | D:2      | 1143 ||| Stepping ~*~*~tactically~*~*~ (stealth).
  1155 | D:2      | 1155 ||| Stepping ~*~*~tactically~*~*~ (stealth).
  1159 | D:2      | 1159 ||| Stepping ~*~*~tactically~*~*~ (stealth).
  1338 | D:2      | 1338 ||| INVOKING Berserk.
  1636 | D:2      | 1636 ||| DROPPING +0 whip.
  1739 | D:2      | 1739 ||| Stepping ~*~*~tactically~*~*~ (stealth).
  1742 | D:2      | 1742 ||| FLEEEEING.
  1743 | D:2      | 1743 ||| FLEEEEING.
  1744 | D:2      | 1744 ||| FLEEEEING.
  1745 | D:2      | 1745 ||| FLEEEEING.
  1746 | D:2      | 1746 ||| FLEEEEING.
  1747 | D:2      | 1747 ||| FLEEEEING.
  1748 | D:2      | 1748 ||| FLEEEEING.
  1749 | D:2      | 1749 ||| FLEEEEING.
  2040 | D:2      | 2040 ||| READING scroll labelled GOROD QAUNULE.
  2041 | D:2      | 2041 ||| READING scroll labelled USTAREYTUNN.
  2042 | D:2      | 2042 ||| READING scroll labelled HIPOTR NEPOQELL.
  2043 | D:2      | 2043 ||| READING scroll labelled HOFIGO QUET.
  2044 | D:2      | 2044 ||| DRINKING 2 grey potions.
  2045 | D:2      | 2045 ||| READING 2 scrolls of teleportation.
  2065 | D:3      | 2065 ||| PLANNING SEWER
  2075 | D:3      | 2075 ||| Stepping ~*~*~tactically~*~*~ (stealth).
  2175 | D:3      | 2175 ||| Stepping ~*~*~tactically~*~*~ (water).
  2177 | D:3      | Reached XP level 4. HP: 39/39 MP: 3/3
  2188 | D:3      | Reached skill level 6 in Axes
  2248 | D:3      | 2248 ||| FLEEEEING.
  2286 | D:3      | Found a glowing drain.
  2287 | D:3      | 2287 ||| READING scroll labelled BALEID NOR RUN.
  2288 | D:3      | 2288 ||| DRINKING 2 emerald potions.
  2404 | D:3      | 2404 ||| DROPPING potion of berserk rage.
  2547 | Sewer    | Entered a sewer
  2595 | Sewer    | Noticed a kobold brigand
  2609 | Sewer    | Killed a kobold brigand
  2610 | Sewer    | Reached skill level 7 in Axes
  2610 | Sewer    | Reached XP level 5. HP: 44/45 MP: 4/4
  2765 | Sewer    | 2765 ||| READING 3 scrolls of enchant weapon.
  2765 | Sewer    | 2765 ||| ENCHANTING +1 hand axe.
  2766 | Sewer    | 2766 ||| READING 2 scrolls of enchant weapon.
  2766 | Sewer    | 2766 ||| ENCHANTING +2 hand axe.
  2767 | Sewer    | 2767 ||| READING scroll of enchant weapon.
  2767 | Sewer    | 2767 ||| ENCHANTING +3 hand axe.
  2954 | Sewer    | Reached XP level 6. HP: 55/55 MP: 5/5
  3102 | Sewer    | Reached *** piety under Trog
  3103 | Sewer    | 3103 ||| Stepping ~*~*~tactically~*~*~ (water).
  3110 | Sewer    | Reached skill level 8 in Axes
  3275 | Sewer    | 3275 ||| READING scroll labelled TUEWUREONI.
  3301 | D:3      | 3301 ||| PLANNING D:1-11
  3361 | D:3      | 3361 ||| READING scroll of enchant weapon.
  3361 | D:3      | 3361 ||| ENCHANTING +4 hand axe of freezing.
  3610 | D:3      | 3610 ||| READING scroll labelled KUMOIP UMPUSH.
  3611 | D:3      | 3611 ||| DRINKING 2 bubbling dark potions.
  3649 | D:4      | 3649 ||| Stepping ~*~*~tactically~*~*~ (hiding).
  3655 | D:4      | 3655 ||| INVOKING Berserk.
  3661 | D:4      | Reached skill level 1 in Throwing
  3672 | D:4      | 3672 ||| Stepping ~*~*~tactically~*~*~ (stealth).
  3784 | D:4      | 3784 ||| Stepping ~*~*~tactically~*~*~ (stealth).
  3909 | D:4      | Reached XP level 7. HP: 60/60 MP: 6/6
  3997 | D:4      | Found a glowing golden altar of the Shining One.
  4007 | D:4      | Identified the +0 robe of Kennaus {Str+3}
  4013 | D:4      | Found a snail-covered altar of Cheibriados.
  4013 | D:4      | Found a glowing silver altar of Zin.
  4025 | D:4      | Found a white marble altar of Elyvilon.
  4028 | D:4      | Found a radiant altar of Vehumet.
  4149 | D:4      | Reached skill level 9 in Axes
  4331 | D:4      | 4331 ||| Stepping ~*~*~tactically~*~*~ (hiding).
  4334 | D:4      | 4334 ||| INVOKING Berserk.
  4479 | D:4      | 4479 ||| Stepping ~*~*~tactically~*~*~ (stealth).
  4611 | D:4      | Reached skill level 10 in Axes
  4791 | D:4      | 4791 ||| READING scroll of enchant armour.
  4791 | D:4      | 4791 ||| ENCHANTING +0 pair of gloves.
  4792 | D:4      | 4792 ||| UPGRADING to +0 ring mail of fire resistance.
  4802 | D:4      | 4802 ||| DROPPING +0 ring mail.
  4803 | D:4      | 4803 ||| DROPPING +0 robe of Kennaus {Str+3}.
  4804 | D:4      | 4804 ||| UPGRADING to +3 ring mail.
  4814 | D:4      | 4814 ||| UPGRADING to +0 chain mail.
  4824 | D:4      | 4824 ||| DROPPING +3 ring mail.
  4825 | D:4      | 4825 ||| UPGRADING to +6 ring of strength.
  4826 | D:4      | 4826 ||| DRINKING 2 puce potions.
  4827 | D:4      | 4827 ||| DRINKING 3 inky potions.
  4828 | D:4      | 4828 ||| READING 2 scrolls of identify.
  4828 | D:4      | 4828 ||| IDENTIFYING glowing emerald potion
  4829 | D:4      | 4829 ||| DROPPING 2 potions of degeneration.
  4854 | D:5      | Entered Level 5 of the Dungeon
  4859 | D:5      | Reached skill level 3 in Armour
  4882 | D:5      | 4882 ||| INVOKING Berserk.
  5103 | D:5      | 5103 ||| INVOKING Berserk.
  5111 | D:5      | Reached skill level 6 in Fighting
  5111 | D:5      | Reached XP level 8. HP: 71/71 MP: 7/7
  5241 | D:5      | 5241 ||| READING scroll of brand weapon.
  5241 | D:5      | 5241 ||| BRANDING +5 hand axe of freezing.
  5275 | D:5      | Found Pystunik's Distillery.
  5281 | D:5      | 5281 ||| SHOPLISTING 2 potions of cancellation (208 gold,
                  | have 199).
  5281 | D:5      | 5281 ||| SHOPLISTING 2 potions of mutation (208 gold, have
                  | 199).
  5281 | D:5      | 5281 ||| BUYING potion of curing (39 gold).
  5281 | D:5      | Bought a potion of curing for 39 gold pieces
  5281 | D:5      | 5281 ||| BUYING potion of curing (39 gold).
  5281 | D:5      | Bought a potion of curing for 39 gold pieces
  5281 | D:5      | 5281 ||| BUYING potion of heal wounds (65 gold).
  5281 | D:5      | Bought a potion of heal wounds for 65 gold pieces
  5281 | D:5      | 5281 ||| BUYING potion of might (52 gold).
  5281 | D:5      | Bought a potion of might for 52 gold pieces
  5281 | D:5      | 5281 ||| SHOPLISTING potion of mutation (104 gold, have 4).
  5336 | D:5      | Noticed Edmund
  5337 | D:5      | 5337 ||| INVOKING Berserk.
  5342 | D:5      | Killed Edmund
  5525 | D:5      | Noticed Blork the orc
  5528 | D:5      | 5528 ||| INVOKING Berserk.
  5530 | D:5      | Killed Blork the orc
  5531 | D:5      | Reached skill level 11 in Axes
  5696 | D:5      | Reached **** piety under Trog
  5849 | D:5      | Found Nebaeduo's Tremendous Tomes.
  5936 | D:5      | 5936 ||| READING scroll labelled MUIQUO SASYTH.
  5937 | D:5      | 5937 ||| READING 3 scrolls of identify.
  5937 | D:5      | 5937 ||| IDENTIFYING sapphire potion
  5938 | D:5      | 5938 ||| READING 2 scrolls of identify.
  5938 | D:5      | 5938 ||| IDENTIFYING cyan potion
  5939 | D:5      | 5939 ||| DROPPING potion of brilliance.
  5940 | D:5      | 5940 ||| DROPPING potion of magic.
  6365 | D:6      | Found Rovyth's Antique Armour Shoppe.
  6402 | D:6      | 6402 ||| SHOPLISTING glimmering steam dragon scales (1170
                  | gold, have 79).
  6402 | D:6      | 6402 ||| SHOPLISTING runed chain mail (195 gold, have 79).
  6426 | D:6      | 6426 ||| Stepping ~*~*~tactically~*~*~ (stealth).
  6428 | D:6      | 6428 ||| DRINKING 3 potions of curing.
  6428 | D:6      | 6428 ||| (to cure confusion)
  6429 | D:6      | 6429 ||| Stepping ~*~*~tactically~*~*~ (hiding).
  6430 | D:6      | 6430 ||| Stepping ~*~*~tactically~*~*~ (hiding).
  6431 | D:6      | 6431 ||| Stepping ~*~*~tactically~*~*~ (hiding).
  6437 | D:6      | 6437 ||| Stepping ~*~*~tactically~*~*~ (hiding).
  6439 | D:6      | 6439 ||| Stepping ~*~*~tactically~*~*~ (hiding).
  6440 | D:6      | 6440 ||| Stepping ~*~*~tactically~*~*~ (hiding).
  6441 | D:6      | 6441 ||| INVOKING Berserk.
  6446 | D:6      | Identified the +4 flail of Cheese {flame, rC+ Will+ Str+3
                  | Int-5}
  6556 | D:6      | 6556 ||| DROPPING +1 flail of protection.
  6559 | D:6      | 6559 ||| READING scroll of enchant weapon.
  6559 | D:6      | 6559 ||| ENCHANTING +5 vorpal hand axe.
  6585 | D:6      | 6585 ||| SWAPPING to +0 war axe.
  6610 | D:6      | 6610 ||| DROPPING +6 vorpal hand axe.
  6654 | D:6      | 6654 ||| Stepping ~*~*~tactically~*~*~ (stealth).
  6656 | D:6      | 6656 ||| INVOKING Berserk.
  6665 | D:6      | Found a staircase to the Ecumenical Temple.
  6675 | D:6      | Reached skill level 12 in Axes
  6915 | D:6      | Noticed a queen bee
  6916 | D:6      | Noticed qw's ghost (novice MiBe)
  6947 | D:6      | Found a transporter.
  6950 | D:6      | Found a transporter.
  6977 | D:6      | 6977 ||| DROPPING +0 ring mail of fire resistance.
  6978 | D:6      | 6978 ||| UPGRADING to +0 plate armour.
  6988 | D:6      | 6988 ||| DROPPING +0 chain mail.
  6989 | D:6      | 6989 ||| UPGRADING to +0 kite shield.
  6994 | D:6      | 6994 ||| DRINKING 2 pink potions.
  6995 | D:6      | 6995 ||| DROPPING potion of attraction.
  7015 | D:7      | Reached skill level 1 in Shields
  7046 | D:7      | Reached XP level 9. HP: 78/78 MP: 8/8
  7208 | D:7      | 7208 ||| Stepping ~*~*~tactically~*~*~ (stealth).
  7211 | D:7      | 7211 ||| Stepping ~*~*~tactically~*~*~ (stealth).
  7255 | D:7      | 7255 ||| Stepping ~*~*~tactically~*~*~ (stealth).
  7271 | D:7      | Reached skill level 3 in Shields
  7376 | D:7      | 7376 ||| INVOKING Berserk.
  7774 | D:7      | 7774 ||| SWAPPING to +0 broad axe.
  7775 | D:7      | 7775 ||| DROPPING +0 war axe.
  7776 | D:7      | 7776 ||| UPGRADING to +0 pair of boots.
  7781 | D:7      | 7781 ||| UPGRADING to amulet of regeneration.
  7786 | D:7      | 7786 ||| DRINKING 2 fuming ruby potions.
  7809 | D:8      | 7809 ||| Stepping ~*~*~tactically~*~*~ (stealth).
  7810 | D:8      | 7810 ||| Stepping ~*~*~tactically~*~*~ (stealth).
  7834 | D:8      | 7834 ||| Stepping ~*~*~tactically~*~*~ (stealth).
  7836 | D:8      | 7836 ||| Stepping ~*~*~tactically~*~*~ (stealth).
  7838 | D:8      | 7838 ||| Stepping ~*~*~tactically~*~*~ (stealth).
  7843 | D:8      | Reached skill level 6 in Shields
  7845 | D:8      | 7845 ||| Stepping ~*~*~tactically~*~*~ (hiding).
  7848 | D:8      | 7848 ||| Stepping ~*~*~tactically~*~*~ (hiding).
  7896 | D:8      | 7896 ||| INVOKING Berserk.
  8159 | D:8      | Noticed Psyche
  8162 | D:8      | 8162 ||| INVOKING Berserk.
  8165 | Abyss:2  | Cast into level 2 of the Abyss (Psyche)
  8207 | Abyss:2  | Found a corrupted altar of Lugonu.
  8228 | Abyss:2  | 8228 ||| Stepping ~*~*~tactically~*~*~ (stealth).
  8236 | Abyss:2  | Noticed a hellion
  8237 | Abyss:2  | Reached skill level 6 in Armour
  8237 | Abyss:2  | 8237 ||| Stepping ~*~*~tactically~*~*~ (stealth).
  8239 | Abyss:2  | 8239 ||| Stepping ~*~*~tactically~*~*~ (stealth).
  8241 | Abyss:2  | 8241 ||| Stepping ~*~*~tactically~*~*~ (hiding).
  8242 | Abyss:2  | 8242 ||| INVOKING Berserk.
  8242 | Abyss:2  | HP: 21/118 [hellion/damnation (30)]
  8248 | Abyss:2  | Killed a hellion
  8248 | Abyss:2  | Noticed a tentacled starspawn
  8252 | Abyss:2  | 8252 ||| READING 4 scrolls of teleportation.
  8253 | Abyss:2  | 8253 ||| DRINKING 2 potions of heal wounds.
  8254 | Abyss:2  | HP: 18/79 [tentacled starspawn (6)]
  8254 | Abyss:2  | HP: 2/79 [tentacled starspawn (16)]
  8255 | Abyss:2  | 8255 ||| DRINKING potion of heal wounds.
  8255 | Abyss:2  | Slain by a tentacled starspawn

Levels and vault maps discovered:
D:1:      moated_graveyard_arrival, layout_basic,
          hellmonk_ecumenical_altar_pennies_from_heaven
D:2:      layout_basic, chequers_big_river
D:3:      layout_rooms, portal_sewer_entry_a, serial_bayou_crossing
D:4:      layout_loops_cross, minmay_overflow_temple_star_hex,
          hangedman_minor_gate_pass
D:5:      layout_rooms, serial_shops, kennysheep_little_box,
          nicolae_shop_i_like_big_books, serial_bayou_ford_a,
          dreamdust_gnoll_farm, uniq_blork_the_orc, uniq_edmund
D:6:      layout_loops_cross, minmay_temple_entry_proselytizer,
          gammafunk_ghost_hive, minmay_shop_grid_forest
D:7:      layout_basic, minmay_misc_feat_nine_boxes, kennysheep_generic_room_12
D:8:      layout_cave_pools, chequers_serial_rivers_micro_d, minmay_shop_chei,
          uniq_psyche
Abyss:2:  base:
Temple

Skill      XL: |  1  2  3  4  5  6  7  8  9 |
---------------+----------------------------+-----
Axes           | 4 5 7 8 10 12 | 12.1
Fighting       | 4 6 7 |  7.0
Throwing       | 1 2 |  2.1
Armour         | 3 4 6 |  6.1
Shields        | 2 8 |  8.7
Dodging        | |  2.1

Action                   |  1- 3 |  4- 6 |  7- 9 || total
-------------------------+-------+-------+-------++-------
Melee: Hand axe          |   104 |   132 |   105 ||   341
       Headbutt          |     6 |    16 |    35 ||    57
       Punch             |     1 |     1 |     1 ||     3
       War axe           |       |       |    52 ||    52
       Broad axe         |       |       |    66 ||    66
Throw: Boomerang         |     5 |       |    14 ||    19
       Javelin           |       |     6 |    33 ||    39
Invok: Berserk           |     2 |     1 |    11 ||    14
  Use: Scroll            |     9 |     7 |     8 ||    24
       Potion            |     1 |     2 |     7 ||    10
Armor: Animal skin       |     6 |       |       ||     6
       Ring mail         |    20 |    26 |     7 ||    53
       Chain mail        |       |       |    47 ||    47
       Plate armour      |       |       |    50 ||    50
Dodge: Dodged            |    70 |    54 |    85 ||   209
Block: Kite shield       |       |       |    62 ||    62

Table legend:
 A = Non-vault XP
 B = Vault XP
 C = Vault XP percentage of total XP
 D = Non-vault monster count
 E = Vault monster count
 F = Vault count percentage of total count
                 A         B        C        D         E       F
            +---------+---------+-------+---------+---------+-------
      Total |    4240 |    1032 |  19.6 |     156 |      49 |  23.9
            +---------+---------+-------+---------+---------+-------
        D:1 |      31 |       0 |   0.0 |      18 |       0 |   0.0
        D:2 |      48 |       0 |   0.0 |      25 |       0 |   0.0
        D:3 |      50 |      17 |  25.4 |      15 |       4 |  21.1
        D:4 |     420 |      64 |  13.2 |      21 |       8 |  27.6
        D:5 |     415 |     398 |  49.0 |      15 |       7 |  31.8
        D:6 |     697 |      41 |   5.6 |      19 |       1 |   5.0
        D:7 |     659 |      41 |   5.9 |      13 |       1 |   7.1
        D:8 |    1100 |       0 |   0.0 |      26 |       0 |   0.0
    Abyss:2 |     820 |       0 |   0.0 |       4 |       0 |   0.0
      Sewer |       0 |     471 | 100.0 |       0 |      28 | 100.0
            +---------+---------+-------+---------+---------+-------
